 Dungeon Crawl Stone Soup version 0.30-a0-462-gd5975efbca (webtiles) character file.

Game seed: 11980626384597241963

660 greenreed the Shooter (level 7, -8/52 HPs)
             Began as a Formicid Hexslinger on Dec 17, 2022.
             Killed by nerve-wracking pain
             ... invoked by Menkaure
              (14 damage)
             ... on level 5 of the Dungeon.
             The game lasted 00:17:31 (4487 turns).

greenreed the Shooter (Formicid Hexslinger)         Turns: 4487, Time: 00:17:32

Health: -8/52      AC:  2    Str: 15    XL:     7   Next: 86%
Magic:  11/11      EV: 16    Int: 12    God:
Gold:   260        SH:  0    Dex: 18    Spells: 10/11 levels left

rFire   . . .      SeeInvis +    a - +1 sling
rCold   x . .      Faith    .    (no shield)
rNeg    . . .      Spirit   .    c - +0 robe
rPois   .          Reflect  .    (helmet unavailable)
rElec   .          Harm     .    (no cloak)
rCorr   +          Rampage  .    (no gloves)
Will    +....                    (no boots)
Stlth   ++........               (no amulet)
HPRegen 0.28/turn                l - +4 ring of evasion
MPRegen 0.12/turn                C - ring "Nuottill" {rC- Will+ rCorr Dex+2}

@: studying Ice Magic
A: permanent stasis, dig shafts and tunnels, antennae 3, four strong arms
a: Dig, Shaft Self


You were on level 5 of the Dungeon.
You visited 1 branch of the dungeon, and saw 5 of its levels.

You collected 260 gold pieces.

Inventory:

Hand Weapons
 a - a +1 sling (weapon)
 f - a +0 vampiric long sword
Missiles
 h - 4 curare-tipped darts
 i - 10 poisoned darts
 x - a throwing net
Armour
 c - a +0 robe (worn)
Jewellery
 l - a +4 ring of evasion (left hand)
 C - the ring "Nuottill" (right hand) {rC- Will+ rCorr Dex+2}
   (You found it on level 5 of the Dungeon)

   [ring of willpower]

   Dex:       It affects your dexterity (+2).
   rC:        It makes you vulnerable to cold.
   rCorr:     It protects you from acid and corrosion.
   Will:      It increases your willpower.
Wands
 B - a wand of roots (5)
Scrolls
 b - 2 scrolls of poison
 g - a scroll of teleportation {unknown}
 k - a scroll of magic mapping {unknown}
 m - 6 scrolls of identify {unknown}
 n - 2 scrolls of brand weapon {unknown}
 r - 3 scrolls of fog {unknown}
 s - a scroll of noise {unknown}
 t - a scroll of fear {unknown}
 v - a scroll of vulnerability {unknown}
 w - a scroll of blinking {unknown}
 y - a scroll of summoning {unknown}
Potions
 d - 3 potions of brilliance {unknown}
 e - 4 potions of curing {unknown}
 j - 4 potions of heal wounds {unknown}
 o - 3 potions of might {unknown}
 p - a potion of flight {unknown}
 q - a potion of lignification {unknown}
 u - a potion of attraction {unknown}
 z - a potion of ambrosia {unknown}
 A - a potion of degeneration {unknown}


   Skills:
 * Level 3.2 Fighting
 * Level 6.2 Ranged Weapons
 + Level 2.2 Dodging
 + Level 0.2 Stealth
 * Level 2.7 Spellcasting
 * Level 5.1 Hexes
 + Level 0.1 Evocations


You had 10 spell levels left.
You knew the following spells:

 Your Spells              Type           Power      Damage    Failure   Level
a - Slow                  Hex            56%        N/A       3%          1

Your spell library contained the following spells:

 Spells                   Type           Power      Damage    Failure   Level
 Inner Flame              Hex/Fire       7%         N/A       26%         3
 Portal Projectile        Hex/Tloc       14%        N/A       26%         3
 Cause Fear               Hex            7%         N/A       30%         4
 Cigotuvi's Dreadful Rot  Necr/Pois/Air  2%         N/A       36%         2
 Poisonous Vapours        Pois/Air       2%         N/A       36%         2
 Mephitic Cloud           Conj/Pois/Air  1%         N/A       58%         3


Dungeon Overview and Level Annotations

Branches:
Dungeon (5/15)
 Temple: D:4-7

Altars:

Annotations:
D:5 Menkaure


Innate Abilities, Weirdness & Mutations

You cannot be hasted, slowed, berserked, paralysed or teleported.
You can dig through walls and to a lower floor.
You have a pair of large antennae on your head. (SInv)
Your four strong arms can wield two-handed weapons with a shield.


Message History

Menkaure seems to speed up.
You shoot a sling bullet. The sling bullet hits Menkaure.
Menkaure is lightly damaged.
Menkaure seems to slow down.
You shoot a sling bullet.
The sling bullet barely misses Menkaure.
Menkaure misses you.
You shoot a sling bullet.
The sling bullet hits Menkaure but does no damage.
Menkaure hits you!!
You shoot a sling bullet. The sling bullet hits Menkaure!
Menkaure is moderately damaged.
Menkaure misses you.
You shoot a sling bullet. The sling bullet hits Menkaure.
Menkaure is heavily damaged.
You shoot a sling bullet. The sling bullet hits Menkaure.
Menkaure is severely damaged.
Menkaure calls on the powers of darkness!
Your body is wracked with pain!
You are too injured to fight recklessly!
You shoot a sling bullet.
The sling bullet hits Menkaure but does no damage.
Menkaure is severely damaged.
Menkaure calls on the powers of darkness!
Your body is wracked with pain!
* * * LOW HITPOINT WARNING * * *
You shoot a sling bullet. The sling bullet hits Menkaure.
Menkaure is severely damaged.
Menkaure hits you.
* * * LOW HITPOINT WARNING * * *
You shoot a sling bullet. The sling bullet hits Menkaure.
Menkaure is almost destroyed.
Menkaure calls on the powers of darkness!
Your body is wracked with pain!
* * * LOW HITPOINT WARNING * * *
You shoot a sling bullet.
The sling bullet barely misses Menkaure.
Menkaure gestures at you while chanting.
Pain shoots through your body!
You die...

....#..###. #.
....#...#.. #.
#...###.## ###. #.......
#... .....#..##+ #...
... #..##. ... . #...).
...###M################.
.......@...<..........##
........................
........................
..................).....
...############.........
.. #..........'.........
. #..........#.......##
#####..#####.......#
##.###..###.....#####


You could see Menkaure (fast, slow).

Vanquished Creatures
  A shadow (D:5)
  A water moccasin (D:4)
  A scorpion (D:4)
  2 hounds
  Natasha (thrice) (D:4)
  An iguana (D:5)
  3 orc wizards (D:5)
  A gnoll (D:4)
  An adder (D:4)
  A white imp (D:5)
  A worm (D:4)
  A dart slug (D:4)
  5 orcs
  6 bats
  6 endoplasms
  2 giant cockroaches
  7 hobgoblins
  7 jackals
  5 kobolds
  2 quokkas
  7 ball pythons
  5 frilled lizards
  5 goblins
  4 rats (D:2)
78 creatures vanquished.

Notes
Turn   | Place    | Note
-------+----------+-------------------------------------------
     0 | D:1      | greenreed the Formicid Hexslinger began the quest for the
                  | Orb.
     0 | D:1      | Reached XP level 1. HP: 15/15 MP: 2/2
   132 | D:1      | Reached XP level 2. HP: 21/21 MP: 3/3
   856 | D:2      | Reached XP level 3. HP: 26/26 MP: 4/4
  1070 | D:2      | Reached skill level 3 in Ranged Weapons
  2130 | D:3      | Reached XP level 4. HP: 32/32 MP: 5/5
  2563 | D:4      | Reached XP level 5. HP: 35/38 MP: 5/7
  2806 | D:4      | Noticed an orc warrior
  2894 | D:4      | Noticed Natasha
  2908 | D:4      | Killed Natasha
  2909 | D:4      | Reached skill level 4 in Ranged Weapons
  3001 | D:4      | Reached XP level 6. HP: 33/44 MP: 8/8
  3067 | D:4      | Noticed Natasha
  3072 | D:4      | Killed Natasha
  3171 | D:4      | Noticed Natasha
  3187 | D:4      | Killed Natasha
  3188 | D:4      | Reached skill level 5 in Ranged Weapons
  3637 | D:4      | Noticed a water moccasin
  3645 | D:4      | Killed a water moccasin
  3820 | D:4      | Noticed an ogre
  3903 | D:5      | Entered Level 5 of the Dungeon
  3931 | D:5      | Reached XP level 7. HP: 28/51 MP: 8/10
  4036 | D:5      | Noticed a shadow
  4061 | D:5      | Killed a shadow
  4062 | D:5      | Reached skill level 6 in Ranged Weapons
  4062 | D:5      | Reached skill level 5 in Hexes
  4187 | D:5      | Identified the ring "Nuottill" {rC- Will+ rCorr Dex+2}
  4476 | D:5      | Noticed Menkaure
  4487 | D:5      | Killed from afar by Menkaure

Illustrated notes

Levels and vault maps discovered:
D:1:      minmay_arrival_semitransparent, layout_basic
D:2:      layout_basic
D:3:      layout_loops_ring
D:4:      layout_loops_ring, serial_bayou, serial_bayou_pond_d,
          serial_bayou_shore_b, serial_bayou_shore_b, serial_bayou_shore_b,
          minmay_small_thing, uniq_natasha
D:5:      layout_gridville, minmay_temple_entry_junction, minmay_manual_mail,
          uniq_eustachio, uniq_menkaure, uniq_duvessa

Skill      XL: |  1  2  3  4  5  6  7 |
---------------+----------------------+-----
Hexes          | 4 5 |  5.1
Ranged Weapons | 3 4 5 6 |  6.2
Fighting       | 2 3 |  3.2
Dodging        | 2 |  2.2
Spellcasting   | 2 |  2.7
Stealth        | |  0.2
Evocations     | |  0.1

Action                   |  1- 3 |  4- 6 |  7- 9 || total
-------------------------+-------+-------+-------++-------
 Fire: Sling             |   123 |   144 |    52 ||   319
 Cast: Slow              |     3 |    25 |     1 ||    29
Evoke: Wand              |       |       |     2 ||     2
Armor: Robe              |    15 |     5 |     2 ||    22
Dodge: Dodged            |    56 |    54 |    27 ||   137

Table legend: (Time is in decaauts)
 A = Elapsed time spent in this place.
 B = Non-inter-level travel time spent in this place.
 C = Inter-level travel time spent in this place.
 D = Time resting spent in this place.
 E = Time spent auto-exploring this place.
 F = Levels seen in this place.
 G = Mean time per level.
                   A        B        C        D        E       F      G
               +--------+--------+--------+--------+--------+-----+--------+
         Total |   4560 |   4477 |     83 |     43 |   3623 |   5 |  912.0 |
       Dungeon |   4560 |   4477 |     83 |     43 |   3623 |   5 |  912.0 |
               +--------+--------+--------+--------+--------+-----+--------+

Top non-repeatable levels by time:
     D:4: 1413 daAuts
     D:2: 1007 daAuts
     D:1: 846 daAuts
     D:3: 702 daAuts
     D:5: 590 daAuts
